 Dungeon Crawl Stone Soup version 0.16-a0-3933-g06ce5c0 (webtiles) character file.

603869 abixa the Human Blade (level 27, -1/231 HPs)
             Began as a Human Artificer on Feb 3, 2015.
             Was a High Priest of Nemelex Xobeh.
             Slain by a grey draconian monk (12 damage)
             ... on level 2 of the Realm of Zot on Feb 5, 2015.
             The game lasted 10:51:48 (106583 turns).

abixa the Human Blade (Human Artificer)           Turns: 106583, Time: 10:51:49

Health: -1/231     AC: 39    Str: 18    XL:     27
Magic:  50/50      EV: 25    Int: 16    God:    Nemelex Xobeh [*****.]
Gold:   4863       SH:  0    Dex: 22    Spells: 9 memorised, 10 levels left

rFire  . . .     SeeInvis +     a - +9 triple sword (freeze)
rCold  + . .     Clarity  .     d - +10 pearl dragon armour
rNeg   + . .     SustAb   .     (no shield)
rPois  .         Gourm    .     l - +1 hat
rElec  .         Spirit   .     F - +2 cloak {MR+}
rCorr  .         Warding  .     x - +2 pair of gloves
rMut   +         Stasis   .     O - +1 pair of boots
MR     ++++.                    q - amulet of resist mutation
Stlth  ++........               w - ring of Safuwati {rPois+ rC+ MR+ MP+9 Str+5 Int-5}
                                K - ring "Shoutiept" {Int+5 SInv}

@: poison vulnerable, incredibly resistant to hostile enchantments, unstealthy
A: horns 1, icy blue scales 1, robust 1
a: Triple Draw, Deal Four, Stack Five, Renounce Religion
}: 3/15 runes: decaying, silver, gossamer


You were on level 2 of the Realm of Zot.
You worshipped Nemelex Xobeh.
Nemelex Xobeh was extremely pleased with you.
You were not hungry.

You visited 10 branches of the dungeon, and saw 54 of its levels.
You also visited: Trove, Sewer and Ice Cave.

You collected 8834 gold pieces.
You spent 3824 gold pieces at shops.

Inventory:

Hand weapons
 a - a +9 triple sword of freezing (weapon)
Armour
 d - a +10 pearl dragon armour (worn)
 l - a +1 hat (worn)
 x - a +2 pair of gloves (worn)
 F - a +2 cloak of magic resistance (worn)
 O - a +1 pair of boots (worn)
Rods
 o - a +4 rod of the swarm (12/12)
   (You found it on level 4 of the Depths)
Jewellery
 q - an amulet of resist mutation (around neck)
 w - the ring of Safuwati (right hand) {rPois+ rC+ MR+ MP+9 Str+5 Int-5}
   (You took it off an orc on level 11 of the Dungeon)

   [ring of strength]

   It affects your strength (+5).
   It affects your intelligence (-5).
   It protects you from cold.
   It protects you from poison.
   It affects your resistance to hostile enchantments.
   It affects your magic capacity (+9).
 z - an uncursed ring of protection from cold
 J - an uncursed ring of teleport control
 K - the ring "Shoutiept" (left hand) {Int+5 SInv}
   (You found it on level 3 of the Depths)

   [ring of see invisible]

   It affects your intelligence (+5).
   It enhances your eyesight.
 N - an uncursed amulet of clarity
 R - an uncursed ring of fire
 V - the ring "Pnonanug" {rN+ MR- Dex+3 Slay+3}
   (You found it on level 5 of the Depths)

   [ring of dexterity]

   It affects your dexterity (+3).
   It affects your accuracy and damage with ranged weapons and melee attacks
   (+3).
   It protects you from negative energy.
   It affects your resistance to hostile enchantments.
Magical devices
 I - a wand of digging (13)
 Y - a wand of heal wounds (6)
 Z - a wand of digging (7)
Scrolls
 f - 32 scrolls of teleportation
 k - 2 scrolls of fear
 s - 5 scrolls of recharging
 C - 3 scrolls of silence
 E - 12 scrolls of fog
 G - 10 scrolls of blinking
 H - 2 scrolls of summoning
 L - 35 scrolls of remove curse
 U - 15 scrolls of magic mapping
 X - 28 scrolls of identify
Potions
 h - 4 potions of haste
 j - 5 potions of resistance
 n - 8 potions of might
 p - 6 potions of berserk rage
 r - 4 potions of cancellation
 t - 4 potions of restore abilities
 v - 11 potions of agility
 B - 33 potions of curing
 T - 3 potions of heal wounds
 W - 2 potions of cure mutation
Miscellaneous
 b - an ornate deck of destruction
 c - a legendary deck of destruction
 e - a legendary deck of escape
 g - an ornate deck of destruction {drawn: 1}
 i - a legendary deck of war
 m - a legendary deck of war {drawn: 8}
 y - a legendary deck of war {drawn: 1}
 A - a legendary deck of escape {drawn: 3}
 D - an ornate deck of destruction
 M - an ornate deck of war
 P - a legendary deck of destruction
 Q - an ornate deck of war
 S - a legendary deck of defence {the Cloud}
Comestibles
 u - 27 bread rations


   Skills:
 - Level 16.0 Fighting
   Level 1.0(15.0) Short Blades
 - Level 22.0 Long Blades
 - Level 15.9 Armour
 - Level 18.2 Dodging
 - Level 5.0 Stealth
 + Level 5.4 Spellcasting
 - Level 16.7 Hexes
 - Level 18.0 Charms
 - Level 7.5 Necromancy
 - Level 13.0 Air Magic
 - Level 19.7 Evocations


You had 10 spell levels left.
You knew the following spells:

 Your Spells              Type           Power        Failure   Level  Hunger
a - Summon Butterflies    Summ           #.......     43%         1    None
b - Repel Missiles        Chrm/Air       ######       1%          2    #......
c - Spectral Weapon       Hex/Chrm       ######..     1%          3    ###....
d - Regeneration          Chrm/Necr      #####.....   1%          3    ###....
e - Haste                 Chrm           ######..     4%          6    #######
f - Silence               Hex/Air        ######....   2%          5    ######.
g - Song of Slaying       Chrm           ######..     1%          2    #......
h - Shroud of Golubria    Chrm/Tloc      ####......   1%          2    #......
i - Swiftness             Chrm/Air       ######..     1%          2    #......


Dungeon Overview and Level Annotations

Branches:
Dungeon (15/15)            Temple (1/1) D:5            Lair (8/8) D:9
  Swamp (5/5) Lair:3       Spider (5/5) Lair:4        Slime (0/6) Lair:8
    Orc (4/4) D:9             Elf (3/3) Orc:4        Vaults (5/5) D:14
  Crypt (0/3) Vaults:2     Depths (5/5) D:15            Zot (3/5) Depths:5

Altars:
Ashenzari
Cheibriados
Dithmenos
Elyvilon
Fedhas
Gozag
Kikubaaqudgha
Makhleb
Nemelex Xobeh
Okawaru
Qazlal
Ru
Sif Muna
Trog
Vehumet
Xom
Yredelemnul
Zin
The Shining One
Beogh
Jiyva

Shops:
Orc:4 :[(:   Elf:3 :   Vaults:1 %   Vaults:5 (

Portals:
Hell: Lair:8 Depths:1 Depths:2 Depths:3 Depths:4 Depths:5
Abyss: Depths:4 Depths:5
Pandemonium: Depths:3
Ziggurat: Depths:2

Annotations:
D:7 stash
Lair:2 stash
Spider:3 ring, book


Innate Abilities, Weirdness & Mutations

You have a pair of small horns on your head.
You are partially covered in icy blue scales (AC +1).
You are robust (+10% HP).


Message History

* * * LOW HITPOINT WARNING * * *
You swap places.
The grey draconian monk hits your spectral weapon!!!
Your spectral weapon shares its damage with you!
Your spectral weapon fades away.
* * * LOW HITPOINT WARNING * * *
Evoke which item? (* to show all) (? for menu, Esc to quit)
You draw a card...
It is Venom.
You have drawn Venom.
Press: ? - help, Shift-Dir - straight line, f - grey draconian monk
Aim: a grey draconian monk, wearing a cloak (severely wounded, berserk, fast, unusually strong)
The poison arrow hits the grey draconian monk.
The grey draconian monk is poisoned.
The grey draconian monk is almost dead.
Releasing that poison leaves you vulnerable to poison.
The grey draconian monk hits you!
* * * LOW HITPOINT WARNING * * *
The grey draconian monk kicks you!
You die...
Your body disappears without a glow.

#..................
#.^..<.............
######..................
#.....................[.
#.#....#................
######.#....##...............
#......#.##.#................
#.######.##.#.##.............
#.# #.##@#.#.#............
#.# #.##q#.#.#.###########
#.# #..#.#.#.#.# #.#
##.#.#.#.#.# #.# #.#.....#.#
#.# #.#.#.###.#
#.#######.#.#.# #.#
#.............# #.#
#########...#.# #.#


You could see a grey draconian monk (berserk).

Vanquished Creatures
  An orb of fire (Zot:2)
  An ancient lich (Vaults:5)
  the Lernaean hydra (Swamp:5)
  Norris (Depths:2)
  Saint Roka (Elf:3)
  A curse toe (Zot:3)
  Mara (Depths:2)
  Mennas (Vaults:4)
  6 golden dragons
  Xtahua (Depths:4)
  Frederick (Vaults:2)
  An electric golem (Zot:2)
  11 tentacled monstrosities
  3 liches
  6 deep elf blademasters
  6 titans
  Asterion (Spider:5)
  A deep elf master archer (Elf:3)
  2 quicksilver dragons
  9 storm dragons
  4 thorn hunters
  Kirke (Elf:3)
  12 tengu reavers
  A draconian monk (Depths:5)
  8 sphinxes
  7 shadow dragons
  Donald (Spider:4)
  15 fire giants
  Wiglaf (Elf:3)
  17 deep elf sorcerers
  2 iron dragons
  A draconian scorcher (Zot:3)
  10 frost giants
  Aizul (Vaults:1)
  4 ghost moths
  2 balrugs
  6 draconian knights
  4 draconian zealots
  9 emperor scorpions
  2 orc warlords
  17 vault wardens
  4 war gargoyles
  Jorgrun (Depths:5)
  3 draconian shifters
  The ghost of BLOAX the Spry, a powerful DEFi of Cheibriados (Swamp:3)
  8 rakshasas
  A draconian annihilator (Zot:3)
  17 very ugly things
  3 vampire knights
  6 grey draconians
  25 stone giants
  15 ironheart preservers
  2 draconian callers
  8 green draconians
  The ghost of BLOAX the Fighter, a powerful OgHu of Cheibriados (D:13)
  8 deep elf demonologists
  5 purple draconians
  7 pale draconians
  15 deep elf annihilators
  3 black draconians
  3 dire elephants
  8 white draconians
  25 ettins
  3 red draconians
  4 mottled draconians
  3 yellow draconians
  Snorg (Lair:8)
  2 merfolk javelineers (Depths:4)
  The ghost of timbw the Carver, a powerful HuFi of the Shining One (IceCv)
  11 fire dragons
  3 jiangshi (Depths:2)
  2 deep elf death magi (Elf:3)
  6 great orbs of eyes
  26 yaktaur captains
  7 deep elf high priests
  4 merfolk impalers
  4 minotaurs
  19 ice dragons
  6 death cobs
  Fannar (Orc:4)
  31 hydras
  29 vault guards
  A ghost crab (shapeshifter) (Vaults:1)
  6 spriggan air magi
  16 centaur warriors
  2 ghost crabs
  Erica (Lair:1)
  13 ogre magi
  6 alligators
  13 dancing weapons (Elf:2)
  10 death yaks
  A vampire mage (Depths:2)
  7 deep troll shamans
  8 deep troll earth magi
  3 orc high priests
  2 shock serpents (Elf:1)
  4 spriggan berserkers
  6 spriggans
  2 catoblepae
  Nergalle (Lair:4)
  21 deep elf knights
  3 sun demons
  2 fire crabs
  A fire crab (shapeshifter) (Vaults:1)
  A soul eater (Depths:3)
  5 iron trolls (Depths:2)
  A shadow wraith (Vaults:1)
  A death drake (shapeshifter) (Depths:5)
  4 giant orange brains
  13 swamp dragons
  3 unseen horrors
  26 hell knights
  10 flayed ghosts
  3 ice devils
  A tengu zombie (Vaults:5)
  A shambling mangrove (Swamp:4)
  2 spriggan druids (Swamp:4)
  14 deep elf summoners
  2 ice statues (IceCv)
  24 deep trolls
  2 obsidian statues
  17 orc knights
  An anubis guard (shapeshifter) (Vaults:2)
  26 ironbrand convokers
  15 hill giants
  4 wizards
  24 deep elf conjurers
  An orb spider (shapeshifter) (Elf:1)
  3 phantasmal warriors
  20 orb spiders
  8 necromancers
  41 ugly things
  9 orc sorcerers
  A wolf spider (shapeshifter) (Vaults:4)
  The ghost of Gorice the Carver, an experienced FoFi of the Shining One (D:6)
  12 hornets
  15 moths of wrath
  The ghost of abixa the Pannier, an experienced HuAr of Nemelex Xobeh (D:5)
  12 griffons
  A moth of wrath (shapeshifter) (Depths:1)
  26 wolf spiders
  2 octopodes (shapeshifter)
  2 small abominations
  5 salamanders
  6 manticores
  A smoke demon (Lair:8)
  An elephant (Lair:8)
  7 cyclopes
  An apocalypse crab (D:14)
  2 black mambas
  17 vault sentinels
  4 centaur zombies
  A sixfirhy (Depths:3)
  22 spiny frogs
  4 torpor snails
  5 spectral swamp worms (Depths:1)
  2 gargoyles
  An orange crystal statue (Depths:1)
  9 komodo dragons
  A queen ant (Spider:5)
  4 orange demons (Lair:8)
  An elf (shapeshifter) (Vaults:1)
  A pale draconian zombie (Zot:2)
  A fire drake (shapeshifter) (Vaults:3)
  65 yaktaurs
  4 kobold demonologists (Vaults:2)
  11 fire drakes
  A komodo dragon (shapeshifter) (Vaults:5)
  25 deep elf priests
  18 demonic crawlers
  10 blue devils
  33 jumping spiders
  2 tengu conjurers
  4 red devils
  A moth of wrath zombie (Zot:2)
  A queen bee (Lair:3)
  11 trolls
  4 freezing wraiths
  A polar bear (shapeshifter) (Depths:2)
  58 slime creatures
  A boulder beetle (shapeshifter) (Vaults:4)
  20 ravens
  6 giant leeches
  A raiju (Elf:1)
  A raiju (shapeshifter) (Vaults:3)
  2 polar bears (Depths:5)
  21 blink frogs
  2 human simulacra (Vaults:5)
  A tengu simulacrum (Vaults:5)
  2 baby alligators (Swamp:5)
  9 boulder beetles
  20 two-headed ogres
  4 bog bodies
  17 trapdoor spiders
  8 air elementals
  A basilisk (shapeshifter) (Vaults:1)
  6 basilisks
  4 wraiths
  4 shadows
  19 tarantellas
  63 redbacks
  A yak (shapeshifter) (Depths:5)
  A hog (Elf:3)
  86 yaks
  27 water elementals
  27 hippogriffs
  31 deep elf magi
  Grum (D:11)
  2 golden eyes (shapeshifter)
  3 humans (shapeshifter)
  A neqoxec (Elf:3)
  5 wyverns
  4 soldier ants (Spider:5)
  4 wolves (D:11)
  21 wargs
  64 deep elf fighters
  2 human zombies (Depths:1)
  20 vampire mosquitoes
  10 insubstantial wisps
  3 mottled dragons
  25 swamp worms
  28 water moccasins
  6 porcupines
  67 orc warriors
  5 hell hounds
  7 sky beasts
  2 human skeletons
  4 black bears
  41 spiders
  A deep dwarf (shapeshifter) (Vaults:2)
  2 phantoms
  A necrophage (D:11)
  10 ice beasts
  12 swamp drakes
  16 crocodiles
  A tengu (shapeshifter) (Depths:2)
  5 boggarts
  35 centaurs
  9 wasps
  49 ogres
  9 big kobolds
  22 giant frogs
  A boring beetle (Spider:1)
  6 scorpions
  26 wights
  5 electric eels
  4 goliath beetles
  7 crimson imps
  23 killer bees
  The ghost of timbw the Chiller, a weakling HEIE (D:4)
  A giant frog zombie (D:13)
  A jelly (D:6)
  39 orc priests
  A wasp zombie (D:14)
  A gnoll shaman (D:8)
  2 giant frog skeletons
  13 hounds
  3 centaur skeletons
  6 hell rats
  63 orc wizards
  A spectral killer bee (Swamp:2)
  Natasha (thrice) (D:5)
  4 iguanas
  11 worker ants
  2 lightning spires (Elf:1)
  14 sheep
  A hound skeleton (D:7)
  2 worker ant zombies (D:10)
  Robin (D:2)
  10 gnolls
  35 river rats
  36 adders
  6 shadow imps
  8 giant mites
  5 white imps (IceCv)
  9 worms
  4 ufetubi (IceCv)
  An adder skeleton (D:7)
  2 adder zombies (D:9)
  12 giant geckos
  6 oozes
  An ooze (shapeshifter) (Vaults:4)
  280 orcs
  4 ball pythons
  6 giant cockroaches
  29 goblins
  23 hobgoblins
  6 jackals
  11 bats
  8 giant newts
  51 kobolds
  18 quokkas
  A quokka skeleton (D:5)
  34 rats
  12 ballistomycetes
  A briar patch (Swamp:5)
  3 fungi
  A plant (Depths:1)
3089 creatures vanquished.

Vanquished Creatures (collateral kills)
  Sojobo (Vaults:2)
  Margery (Vaults:5)
  A titan (Vaults:5)
  A thorn hunter (Swamp:5)
  An iron dragon (Vaults:4)
  A ghost moth (Spider:5)
  An ironheart preserver (Vaults:1)
  4 vault guards
  2 hydras
  A centaur warrior (Vaults:1)
  An ice devil (IceCv)
  A hill giant (D:7)
  A wizard (D:12)
  A necromancer (Depths:1)
  A hornet (Vaults:1)
  An ugly thing (Spider:4)
  A black mamba (Lair:3)
  2 ugly thing skeletons (Depths:1)
  2 yaktaurs (Vaults:2)
  A spiny frog (Lair:2)
  A giant leech (Swamp:4)
  A blink frog (Lair:2)
  A baby alligator (Swamp:5)
  A bog body (Swamp:5)
  A raiju (Spider:4)
  A stone giant simulacrum (Vaults:2)
  2 ravens
  A tarantella (Spider:4)
  3 redbacks (Vaults:5)
  4 yaks
  A vampire (Vaults:2)
  A wraith (Vaults:1)
  A human (shapeshifter) (Vaults:1)
  A deep elf fighter (Vaults:4)
  4 vampire mosquitoes
  A human zombie (Depths:1)
  A warg (D:8)
  2 orc warriors
  An ice beast (IceCv)
  A crocodile (Lair:4)
  A giant frog (Lair:3)
  6 killer bees (Lair:3)
  An electric eel (Spider:4)
  An adder (Lair:2)
  2 white imps (IceCv)
  An ufetubus (IceCv)
  An orc (Orc:4)
  A briar patch (Swamp:5)
70 creatures vanquished.

Vanquished Creatures (others)
  A tengu reaver (Vaults:5)
  A vault warden (Vaults:5)
  A draconian knight (Zot:2)
  A very ugly thing (Vaults:2)
  90 spectral weapons
  A salamander firebrand (Vaults:5)
  A great orb of eyes (Vaults:3)
  2 hydras (Swamp:4)
  A yaktaur captain (Vaults:4)
  A satyr (Vaults:5)
  A shock serpent (Vaults:5)
  A deep elf knight (Elf:2)
  2 ball lightnings (Elf:1)
  An unseen horror (shapeshifter) (Vaults:3)
  2 ugly things
  A spiny frog (Swamp:4)
  A black mamba (Lair:8)
  6 yaktaurs
  3 jumping spiders
  A two-headed ogre (Vaults:5)
  A basilisk (Spider:4)
  5 ravens
  2 redbacks (Vaults:5)
  2 deep elf magi
  2 dancing weapons
  2 humans (Elf:3)
  10 air elementals
  A tarantella (Vaults:5)
  8 water elementals
  A vampire mosquito (Vaults:5)
  4 deep elf fighters
  A human simulacrum (Vaults:1)
  A mottled dragon (Spider:4)
  A swamp worm (Swamp:2)
  A human zombie (Depths:1)
  A spider (Spider:5)
  A hell hound (Vaults:2)
  A wasp (Spider:5)
  A boring beetle (Vaults:1)
  A boggart (Depths:1)
  A centaur (Swamp:5)
  A lost soul (Elf:3)
  An orc wizard (Vaults:3)
  2 sheep (Lair:7)
  3 white imps (IceCv)
  2 ufetubi (IceCv)
  2 orcs
  A kobold (Vaults:2)
  5 giant spores
  2 ballistomycetes
  2 briar patches (Swamp:5)
  8 fungi
  5 plants
201 creatures vanquished.

Grand Total: 3360 creatures vanquished

Notes
Turn   | Place    | Note
--------------------------------------------------------------
     0 | D:1      | abixa, the Human Artificer, began the quest for the Orb.
     0 | D:1      | Reached XP level 1. HP: 15/15 MP: 1/1
   407 | D:1      | Reached XP level 2. HP: 21/21 MP: 3/3
   478 | D:1      | Found a snail-covered altar of Cheibriados.
   607 | D:1      | Reached skill level 4 in Evocations
   688 | D:1      | Reached XP level 3. HP: 26/26 MP: 5/5
  1042 | D:2      | Found a radiant altar of Vehumet.
  1086 | D:2      | Reached XP level 4. HP: 32/32 MP: 7/7
  1102 | D:2      | Noticed Robin
  1135 | D:2      | Reached skill level 5 in Evocations
  1260 | D:2      | Killed Robin
  1500 | D:2      | Reached skill level 1 in Long Blades
  1647 | D:2      | Reached XP level 5. HP: 37/37 MP: 9/9
  2715 | D:3      | Reached XP level 6. HP: 29/43 MP: 11/11
  3498 | D:4      | Noticed timbw's ghost (weakling HEIE)
  3510 | D:4      | Killed timbw's ghost
  4049 | D:4      | Found an iron altar of Okawaru.
  4355 | D:5      | Entered Level 5 of the Dungeon
  4394 | D:5      | Reached XP level 7. HP: 48/48 MP: 13/13
  4447 | D:5      | Reached skill level 6 in Evocations
  4516 | D:5      | Found a staircase to the Ecumenical Temple.
  4566 | D:5      | Noticed abixa's ghost (experienced HuAr)
  4729 | D:4      | Reached skill level 5 in Long Blades
  4989 | D:5      | Noticed Natasha
  4992 | D:5      | Killed Natasha
  4995 | D:5      | Found a glowing drain.
  5012 | Sewer    | Entered a sewer
  5267 | Sewer    | Reached skill level 7 in Evocations
  5267 | Sewer    | Reached XP level 8. HP: 52/54 MP: 17/17
  6080 | D:6      | Noticed Gorice's ghost (experienced FoFi)
  6113 | D:5      | Noticed Natasha
  6120 | D:5      | Killed Natasha
  6166 | D:5      | Found a sparkling altar of Nemelex Xobeh.
  6170 | D:5      | Noticed Natasha
  6195 | D:5      | Killed Natasha
  6206 | D:5      | Became a worshipper of Nemelex Xobeh the Trickster
  6541 | D:5      | Found a sacrificial altar of Ru.
  6557 | D:5      | Received a gift from Nemelex Xobeh
  6789 | D:5      | Killed abixa's ghost
  6789 | D:5      | Reached skill level 8 in Evocations
  6789 | D:5      | Reached XP level 9. HP: 18/59 MP: 10/20
  7242 | D:6      | Killed Gorice's ghost
  7242 | D:6      | Reached skill level 9 in Evocations
  7339 | Temple   | Entered the Ecumenical Temple
  7516 | D:6      | Found a shimmering altar of Xom.
  7536 | D:6      | Received a gift from Nemelex Xobeh
  7896 | D:6      | Gained mutation: You are partially covered in icy blue scales (AC +1). [potion of beneficial mutation]
  7897 | D:6      | Gained mutation: You have a pair of small horns on your head. [potion of beneficial mutation]
  8914 | D:7      | Found Shresyrghy's General Store.
  9000 | D:7      | Received a gift from Nemelex Xobeh
  9269 | D:7      | Reached skill level 10 in Evocations
  9269 | D:7      | Reached XP level 10. HP: 54/68 MP: 19/22
  9620 | D:8      | Noticed a hill giant
  9773 | D:7      | Killed a hill giant
  9973 | D:8      | Found a blossoming altar of Fedhas.
 10065 | D:8      | Received a gift from Nemelex Xobeh
 10679 | D:8      | Received a gift from Nemelex Xobeh
 10953 | D:9      | Reached skill level 11 in Evocations
 11017 | D:9      | Found a staircase to the Orcish Mines.
 11037 | D:9      | Acquired Nemelex Xobeh's first power
 11299 | D:9      | Received a gift from Nemelex Xobeh
 11488 | D:9      | Found a staircase to the Lair.
 12075 | D:9      | Reached skill level 5 in Dodging
 12265 | D:9      | Reached XP level 11. HP: 78/78 MP: 25/25
 12352 | D:9      | Got a steaming ring mail
 12363 | D:9      | Identified the +2 ring mail of Xismiuw {+Blink rC- rN+ MP+9 Dex-4} (You found it on level 9 of the Dungeon)
 12455 | Lair:1   | Entered Level 1 of the Lair of Beasts
 12508 | Lair:1   | Reached skill level 5 in Fighting
 12523 | Lair:1   | Reached skill level 12 in Evocations
 12698 | Lair:1   | You fall through a shaft!
 12807 | Lair:2   | Received a gift from Nemelex Xobeh
 12998 | Lair:2   | Acquired Nemelex Xobeh's second power
 13349 | Lair:1   | Reached skill level 13 in Evocations
 13449 | Lair:1   | Received a gift from Nemelex Xobeh
 13833 | Lair:1   | Reached XP level 12. HP: 85/89 MP: 27/27
 13850 | Lair:1   | Noticed Erica
 13862 | Lair:1   | Killed Erica
 13924 | Lair:1   | Noticed a four-headed hydra
 13948 | Lair:1   | Killed a four-headed hydra
 14240 | Lair:2   | Reached skill level 14 in Evocations
 14574 | Lair:2   | Noticed a four-headed hydra
 14644 | Lair:2   | Killed a one-headed hydra
 14774 | Lair:2   | Received a gift from Nemelex Xobeh
 15216 | Lair:2   | Got an ancient plate armour
 15554 | Lair:2   | Identified the cursed -4 plate armour of the Vestibule of Hell {rElec rN+ Int-3} (You found it on level 2 of the Lair of Beasts)
 15841 | Lair:3   | Found a staircase to the Swamp.
 16034 | Lair:3   | Received a gift from Nemelex Xobeh
 16080 | Lair:3   | Reached skill level 15 in Evocations
 16224 | Lair:3   | Reached XP level 13. HP: 79/98 MP: 29/29
 16622 | Lair:3   | Noticed a five-headed hydra
 16632 | Lair:3   | Killed a five-headed hydra
 16706 | Lair:3   | Received a gift from Nemelex Xobeh
 16736 | Lair:3   | Acquired Nemelex Xobeh's third power
 17318 | Lair:4   | Received a gift from Nemelex Xobeh
 17386 | Lair:4   | Found a hole to the Spider Nest.
 17599 | Lair:4   | Received a gift from Nemelex Xobeh
 17818 | Lair:4   | Reached skill level 1 in Armour
 18111 | Lair:5   | Noticed Nergalle
 18164 | Lair:4   | Killed Nergalle
 18237 | Lair:5   | Received a gift from Nemelex Xobeh
 18251 | Lair:5   | You fall through a shaft!
 19045 | Lair:4   | Reached skill level 16 in Evocations
 19726 | Orc:1    | Entered Level 1 of the Orcish Mines
 20163 | Orc:3    | Received a gift from Nemelex Xobeh
 20163 | Orc:3    | Received a gift from Nemelex Xobeh
 21080 | Orc:2    | Noticed an orc warlord
 21113 | Orc:2    | Received a gift from Nemelex Xobeh
 21289 | Orc:4    | Entered Level 4 of the Orcish Mines
 21289 | Orc:4    | Noticed Fannar
 21666 | Orc:4    | Killed Fannar
 21900 | Orc:3    | Received a gift from Nemelex Xobeh
 22356 | Orc:2    | Reached XP level 14. HP: 48/109 MP: 27/31
 22853 | Orc:2    | Killed an orc warlord
 23746 | Orc:2    | Reached skill level 10 in Dodging
 23752 | Orc:2    | Found a roughly hewn altar of Beogh.
 24301 | Lair:1   | Reached skill level 10 in Fighting
 24534 | Orc:2    | Got a bloodstained blowgun
 24535 | Orc:2    | Identified the cursed +3 blowgun "Coel" {speed, MP+9 Dex+4} (You took it off an orc warrior on level 2 of the Orcish Mines)
 24570 | Orc:2    | Got a brightly glowing ring mail
 24581 | Orc:2    | Identified the +0 ring mail "Lonteima" {rN+ Str+7} (You took it off an orc on level 2 of the Orcish Mines)
 24759 | Orc:4    | Upgraded the game from 0.16-a0-3911-g06eb01e to 0.16-a0-3920-g0a6a257
 24817 | Orc:4    | Reached skill level 17 in Evocations
 24964 | Orc:4    | Found a roughly hewn altar of Beogh.
 24989 | Orc:4    | Reached skill level 5 in Armour
 25071 | Orc:4    | Found Ghit's Book Emporium.
 25340 | Orc:4    | Found a roughly hewn altar of Beogh.
 25387 | Orc:4    | Received a gift from Nemelex Xobeh
 25403 | Orc:4    | Found a roughly hewn altar of Beogh.
 25437 | Orc:4    | Found a roughly hewn altar of Beogh.
 25559 | Orc:4    | Found a staircase to the Elven Halls.
 25635 | Orc:4    | Found a roughly hewn altar of Beogh.
 25671 | Orc:4    | Found a roughly hewn altar of Beogh.
 25728 | Orc:4    | Found a roughly hewn altar of Beogh.
 25792 | Orc:4    | Found Plankef's Book Shop.
 26245 | Orc:4    | Noticed an orc warlord
 26277 | Orc:4    | Killed an orc warlord
 26354 | Orc:4    | Found Fromudgh's Antique Armour Emporium.
 26354 | Orc:4    | Found a roughly hewn altar of Beogh.
 26357 | Orc:4    | Found Sumurud's Antique Weapon Shoppe.
 26759 | Orc:4    | Bought a shiny pearl dragon armour for 2500 gold pieces
 27129 | Lair:6   | Received a gift from Nemelex Xobeh
 28233 | Lair:7   | Reached XP level 15. HP: 68/116 MP: 25/33
 28753 | Lair:7   | Received a gift from Nemelex Xobeh
 29166 | Lair:8   | Entered Level 8 of the Lair of Beasts
 29221 | Lair:8   | Reached skill level 10 in Armour
 29396 | Lair:8   | Noticed Snorg
 29423 | Lair:8   | Killed Snorg
 29503 | Lair:8   | Found a frozen archway.
 29539 | IceCv    | Entered an ice cave
 29540 | IceCv    | Noticed timbw's ghost (powerful HuFi)
 29557 | IceCv    | Killed timbw's ghost
 29567 | IceCv    | Received a gift from Nemelex Xobeh
 30320 | IceCv    | Reached skill level 10 in Long Blades
 31060 | Lair:8   | Found a viscous altar of Jiyva.
 31061 | Lair:8   | Found a staircase to the Slime Pits.
 31344 | Lair:8   | Received a gift from Nemelex Xobeh
 32003 | Lair:8   | Found a burning altar of Makhleb.
 32369 | Lair:8   | Reached XP level 16. HP: 111/124 MP: 30/34
 32522 | Lair:8   | Found a gateway to Hell.
 32760 | Spider:1 | Entered Level 1 of the Spider Nest
 33081 | Spider:1 | Got a twitching steel amulet
 33083 | Spider:1 | Identified the amulet "Akko Smo" {Inacc rN+ Str-2 Dex+3} (You found it on level 1 of the Spider Nest)
 33271 | Spider:1 | Reached skill level 5 in Stealth
 34317 | Spider:2 | Received a gift from Nemelex Xobeh
 35717 | Spider:3 | Received a gift from Nemelex Xobeh
 36212 | Spider:3 | Received a gift from Nemelex Xobeh
 36462 | Spider:3 | Received a gift from Nemelex Xobeh
 38614 | Spider:4 | Received a gift from Nemelex Xobeh
 39273 | Spider:5 | Entered Level 5 of the Spider Nest
 39286 | Spider:5 | Reached XP level 17. HP: 130/135 MP: 32/34
 39292 | Spider:5 | Noticed Donald
 39315 | Spider:4 | Killed Donald
 39575 | D:10     | Entered Level 10 of the Dungeon
 39886 | D:10     | Received a gift from Nemelex Xobeh
 40351 | D:11     | Received a gift from Nemelex Xobeh
 40504 | D:11     | Received a gift from Nemelex Xobeh
 40738 | D:11     | Received a gift from Nemelex Xobeh
 40826 | D:11     | Noticed Grum
 40831 | D:11     | Killed Grum
 41367 | D:11     | Received a gift from Nemelex Xobeh
 41771 | D:11     | Got a scorched marble ring
 41775 | D:11     | Identified the ring of Safuwati {rPois+ rC+ MR+ MP+9 Str+5 Int-5} (You took it off an orc on level 11 of the Dungeon)
 42663 | D:12     | Got a crude scale mail
 43266 | D:12     | Received a gift from Nemelex Xobeh
 43733 | D:13     | Noticed BLOAX's ghost (powerful OgHu)
 43760 | D:13     | Killed BLOAX's ghost
 44371 | D:13     | Identified the +2 scale mail "Tiympuf" {+Blink rElec Int+4} (You found it on level 12 of the Dungeon)
 44881 | D:14     | Got an ichor-stained scale mail
 44890 | D:14     | Received a gift from Nemelex Xobeh
 44922 | D:14     | Identified the -8 scale mail "Blovimpo" {Str+4} (You found it on level 14 of the Dungeon)
 45426 | D:14     | Received a gift from Nemelex Xobeh
 45874 | D:14     | Found a gate to the Vaults.
 46452 | D:14     | Received a gift from Nemelex Xobeh
 46531 | D:15     | Entered Level 15 of the Dungeon
 46855 | D:15     | Received a gift from Nemelex Xobeh
 46866 | D:15     | Reached XP level 18. HP: 134/142 MP: 35/35
 47061 | D:15     | Reached skill level 15 in Long Blades
 47460 | D:15     | Found a staircase to the Depths.
 47689 | D:15     | Received a gift from Nemelex Xobeh
 48177 | Swamp:1  | Entered Level 1 of the Swamp
 48505 | Swamp:1  | Received a gift from Nemelex Xobeh
 49562 | Swamp:2  | Received a gift from Nemelex Xobeh
 50196 | Swamp:3  | Noticed BLOAX's ghost (powerful DEFi)
 50600 | Swamp:3  | Received a gift from Nemelex Xobeh
 50918 | Swamp:3  | Killed BLOAX's ghost
 51208 | Swamp:3  | Received a gift from Nemelex Xobeh
 52366 | Swamp:4  | Received a gift from Nemelex Xobeh
 52629 | Swamp:4  | Got a bloodstained leather armour
 52660 | Swamp:4  | Identified the +1 leather armour of Hedge Wizardry {Contam rElec rF+ Regen+ Dex+2} (You found it on level 4 of the Swamp)
 53797 | Swamp:4  | Reached XP level 19. HP: 138/149 MP: 36/36
 54670 | Swamp:5  | Entered Level 5 of the Swamp
 55329 | Swamp:5  | Reached skill level 18 in Evocations
 55629 | Swamp:5  | Received a gift from Nemelex Xobeh
 55664 | Swamp:5  | Noticed the 27-headed Lernaean hydra
 55668 | Swamp:5  | Noticed Proir the pandemonium lord
 55673 | Swamp:5  | Killed the 24-headed Lernaean hydra
 56561 | Swamp:5  | Got a decaying rune of Zot
 57521 | Spider:5 | Noticed Asterion
 57954 | Spider:5 | Killed Asterion
 58484 | Spider:5 | Received a gift from Nemelex Xobeh
 59222 | Spider:5 | Reached XP level 20. HP: 134/156 MP: 0/37
 60491 | Spider:5 | Got a gossamer rune of Zot
 60566 | Spider:5 | Reached skill level 19 in Evocations
 60908 | Elf:1    | Entered Level 1 of the Elven Halls
 61497 | Elf:1    | Identified the Incunabulum of Fiery Arcane Weapons
 61668 | Elf:1    | Received a gift from Nemelex Xobeh
 62494 | Elf:2    | Found a shimmering altar of Xom.
 62536 | Elf:2    | Received a gift from Nemelex Xobeh
 62579 | Elf:2    | Got a tattered robe
 62596 | Elf:2    | Identified the +2 robe of the King of the Hill {Int+7} (You found it on level 2 of the Elven Halls)
 62678 | Elf:2    | Got an ivory whip
 62679 | Elf:2    | Identified the cursed +2 whip of Tumult {freeze, +Fly rPois+ MR- Int+4} (You found it on level 2 of the Elven Halls)
 62709 | Elf:2    | Found a huge runed gate.
 62709 | Elf:2    | Found a huge runed gate.
 62711 | Elf:2    | Found a huge runed gate.
 64077 | Elf:1    | Identified Zietod's Grimoire of Damaging Feathers
 64287 | Elf:2    | Received a gift from Nemelex Xobeh
 65734 | Vaults:1 | Entered Level 1 of the Vaults
 65797 | Vaults:1 | Reached XP level 21. HP: 106/163 MP: 38/38
 66102 | Vaults:1 | Received a gift from Nemelex Xobeh
 66815 | Vaults:1 | Received a gift from Nemelex Xobeh
 67273 | Vaults:1 | Identified the Catalogue of Self-Improvement and Air
 67423 | Vaults:1 | Noticed Aizul
 67442 | Vaults:1 | Killed Aizul
 67830 | Vaults:1 | Found Ocyulubi's Food Emporium.
 68202 | Vaults:2 | Reached skill level 15 in Dodging
 68456 | Vaults:2 | Received a gift from Nemelex Xobeh
 68476 | Vaults:2 | Noticed Sojobo
 68698 | Vaults:2 | Learned a level 6 spell: Haste
 68703 | Vaults:2 | Learned a level 3 spell: Spectral Weapon
 68705 | Vaults:2 | Got a warped mace
 68706 | Vaults:2 | Identified the +6 mace "Bloshrim" {flame, *Rage +Blink MR- Int+2 Dex+2} (You found it on level 2 of the Vaults)
 69931 | Lair:2   | Learned a level 1 spell: Summon Butterflies
 69934 | Lair:2   | Learned a level 2 spell: Repel Missiles
 69938 | Lair:2   | Learned a level 3 spell: Regeneration
 70172 | Vaults:2 | Reached skill level 1 in Charms
 70172 | Vaults:2 | Reached skill level 1 in Air Magic
 70471 | Vaults:2 | Received a gift from Nemelex Xobeh
 70519 | Vaults:2 | Killed Sojobo
 70917 | Vaults:2 | Noticed Frederick
 71360 | Vaults:2 | Found a staircase to the Crypt.
 71360 | Vaults:2 | Found a basalt altar of Yredelemnul.
 71361 | Vaults:2 | Found an ancient bone altar of Kikubaaqudgha.
 71411 | Vaults:2 | Killed Frederick
 71993 | Vaults:2 | Received a gift from Nemelex Xobeh
 72072 | Vaults:2 | Reached XP level 22. HP: 171/171 MP: 39/39
 72075 | Vaults:2 | Reached skill level 5 in Charms
 72786 | Vaults:3 | Received a gift from Nemelex Xobeh
 72871 | Vaults:3 | Gained mutation: You are robust (+10% HP). [potion of beneficial mutation]
 74288 | Vaults:4 | Reached skill level 1 in Hexes
 74289 | Vaults:4 | Received a gift from Nemelex Xobeh
 75275 | Vaults:4 | Reached skill level 5 in Hexes
 75819 | Vaults:4 | Received a gift from Nemelex Xobeh
 76862 | Vaults:4 | Reached XP level 23. HP: 165/194 MP: 40/40
 77793 | Lair:2   | Learned a level 5 spell: Silence
 78017 | Elf:3    | Entered Level 3 of the Elven Halls
 78017 | Elf:3    | Noticed Wiglaf
 78029 | Elf:3    | Killed Wiglaf
 78033 | Elf:3    | Received a gift from Nemelex Xobeh
 78212 | Elf:3    | Noticed Saint Roka
 78713 | Elf:3    | Noticed Kirke
 78855 | Elf:3    | Killed Kirke
 78861 | Elf:3    | Reached skill level 5 in Air Magic
 78945 | Elf:3    | Found Ercho Shru's Book Emporium.
 78951 | Elf:3    | Bought a manual of Long Blades for 1324 gold pieces
 79224 | Elf:3    | Killed Saint Roka
 79277 | Elf:3    | Received a gift from Nemelex Xobeh
 79782 | Elf:3    | Reached skill level 20 in Long Blades
 80155 | Elf:3    | Reached skill level 21 in Long Blades
 81252 | Elf:3    | Identified the Grimoire of Weightlessness and Conjuration (You found it on level 3 of the Elven Halls)
 81984 | Elf:3    | Got a flickering marble ring
 81985 | Elf:3    | Got a brightly glowing trident {freeze}
 82084 | Elf:3    | Identified the ring "Belovoa" {rPois+ Int+6 Stlth+} (You took it off a deep elf conjurer on level 3 of the Elven Halls)
 82153 | Elf:2    | Identified the +7 trident "Pelocoyc" {freeze, rN++} (You took it off a deep elf demonologist on level 3 of the Elven Halls)
 82772 | Vaults:5 | Entered Level 5 of the Vaults
 82907 | Vaults:4 | Reached skill level 22 in Long Blades
 83059 | Vaults:4 | Reached XP level 24. HP: 177/202 MP: 40/40
 83184 | Vaults:5 | Noticed Mennas
 83484 | Vaults:4 | Reached skill level 10 in Charms
 84501 | Vaults:4 | Killed Mennas
 84929 | Vaults:4 | Reached skill level 10 in Hexes
 85071 | Vaults:5 | Upgraded the game from 0.16-a0-3920-g0a6a257 to 0.16-a0-3933-g06ce5c0
 86030 | Vaults:5 | HP: 1/202 [white very ugly thing (25)]
 86086 | Vaults:5 | Noticed Margery
 86639 | Vaults:5 | Killed Margery
 87282 | Vaults:5 | Reached XP level 25. HP: 151/209 MP: 41/41
 88178 | Vaults:5 | Found Ofauwio's Antique Weapon Shoppe.
 88217 | Vaults:5 | Received a gift from Nemelex Xobeh
 88857 | Vaults:5 | Reached skill level 1 in Necromancy
 88980 | Vaults:5 | Noticed an ancient lich
 88993 | Vaults:5 | Killed an ancient lich
 89124 | Vaults:5 | Reached skill level 5 in Necromancy
 89435 | Vaults:5 | Got a silver rune of Zot
 90453 | Vaults:5 | Identified Spellcraft in Simple Steps (You found it on level 5 of the Vaults)
 90961 | Depths:1 | Entered Level 1 of the Depths
 91170 | Depths:1 | Reached XP level 26. HP: 191/216 MP: 41/41
 91922 | Depths:1 | Received a gift from Nemelex Xobeh
 94046 | Depths:2 | Reached skill level 15 in Charms
 94254 | Depths:2 | Received a gift from Nemelex Xobeh
 94309 | Depths:2 | Found a gateway to a ziggurat.
 94430 | Depths:2 | Found a runed door.
 94434 | Depths:2 | Found a runed door.
 94440 | Depths:2 | Noticed Mara
 94443 | Depths:2 | Noticed abixa's illusion
 94548 | Depths:2 | Received a gift from Nemelex Xobeh
 94577 | Depths:2 | Noticed Norris
 94592 | Depths:2 | Killed Norris
 95175 | Depths:2 | Killed Mara
 95946 | Depths:3 | Reached skill level 15 in Hexes
 96364 | Depths:3 | Received a gift from Nemelex Xobeh
 96659 | Depths:3 | Reached XP level 27. HP: 198/225 MP: 42/42
 96889 | Depths:3 | Received a gift from Nemelex Xobeh
 97208 | Depths:3 | Got a translucent ivory ring
 97210 | Depths:3 | Identified the ring "Shoutiept" {Int+5 SInv} (You found it on level 3 of the Depths)
 97629 | Depths:3 | Found a one-way gate leading to the halls of Pandemonium.
 97878 | Depths:4 | Received a gift from Nemelex Xobeh
 97973 | Depths:4 | Noticed Xtahua
 98517 | Depths:4 | Killed Xtahua
 98562 | Depths:4 | Reached skill level 15 in Fighting
 99038 | Depths:4 | Reached skill level 15 in Armour
 99206 | Depths:4 | Received a gift from Nemelex Xobeh
 99463 | Depths:4 | Found a portal to a secret trove of treasure.
 99487 | Depths:4 | You paid a toll of 6 potions of haste to enter a treasure trove
 99488 | Trove    | Entered a treasure trove
 99554 | Trove    | Identified the Grimoire of Helpful Darkness
 99570 | Trove    | Identified Jept's Volume of Malediction
 99582 | Trove    | Learned a level 2 spell: Song of Slaying
 99585 | Trove    | Learned a level 2 spell: Shroud of Golubria
 99588 | Trove    | Identified Sif Muna's Incunabulum of Protection and Necromancy
 99596 | Trove    | Learned a level 2 spell: Swiftness
 99775 | Depths:4 | Found a one-way gate to the infinite horrors of the Abyss.
100067 | Depths:4 | Identified a +4 rod of the swarm (12/12) (You found it on level 4 of the Depths)
100451 | Depths:5 | Entered Level 5 of the Depths
100451 | Depths:5 | Received a gift from Nemelex Xobeh
101106 | Depths:5 | Found a gate to the Realm of Zot.
101295 | Depths:5 | Noticed Jorgrun
101297 | Depths:5 | Found a shimmering altar of Xom.
101302 | Depths:5 | Killed Jorgrun
101540 | Depths:5 | Found a glowing golden altar of the Shining One.
101895 | Depths:5 | Got a slimy glass ring
101899 | Depths:5 | Identified the ring "Pnonanug" {rN+ MR- Dex+3 Slay+3} (You found it on level 5 of the Depths)
102743 | Zot:1    | Entered Level 1 of the Realm of Zot
103116 | Zot:1    | Received a gift from Nemelex Xobeh
103692 | Zot:2    | Reached skill level 10 in Air Magic
104373 | Zot:2    | Noticed an orb of fire
104387 | Zot:2    | Killed an orb of fire
105275 | Zot:3    | Received a gift from Nemelex Xobeh
105655 | Zot:3    | Reached skill level 1 in Spellcasting
106275 | Zot:3    | Reached skill level 5 in Spellcasting
106583 | Zot:2    | HP: 11/231 [grey draconian monk (17)]
106583 | Zot:2    | Slain by a grey draconian monk

Action                   |  1- 3 |  4- 6 |  7- 9 | 10-12 | 13-15 | 16-18 | 19-21 | 22-24 | 25-27 || total
-------------------------+-------+-------+-------+-------+-------+-------+-------+-------+-------++-------
Melee: Short sword       |    29 |    16 |       |       |       |       |       |       |       ||    45
       Falchion          |       |   168 |   561 |   139 |       |       |       |       |       ||   868
       Whip              |       |       |       |   550 |  1899 |   420 |       |       |       ||  2869
       Scimitar          |       |       |       |     4 |   205 |    89 |   132 |       |       ||   430
       Triple sword      |       |       |       |       |    54 |  1513 |  1448 |  1450 |  1962 ||  6427
 Fire: Hunting sling     |    63 |   269 |   119 |    47 |       |       |       |       |       ||   498
       Blowgun           |       |       |     6 |    30 |     9 |    27 |    75 |    11 |       ||   158
Throw: Javelin           |       |       |     5 |       |       |       |       |       |       ||     5
       Stone             |       |       |     1 |       |       |       |       |       |       ||     1
 Cast: Repel Missiles    |       |       |       |       |       |       |     1 |    11 |    15 ||    27
       Spectral Weapon   |       |       |       |       |       |       |       |    33 |   199 ||   232
       Regeneration      |       |       |       |       |       |       |       |     6 |    44 ||    50
       Haste             |       |       |       |       |       |       |       |       |     1 ||     1
       Silence           |       |       |       |       |       |       |       |       |     1 ||     1
Invok: Deal Four         |       |       |       |       |       |     1 |     1 |     2 |       ||     4
 Abil: Evoke Invisibilit |       |       |       |       |       |       |     2 |       |       ||     2
       Evoke Teleportati |       |       |       |       |       |       |     1 |       |       ||     1
Evoke: Wand              |     2 |     2 |    20 |    11 |     7 |    20 |     6 |    15 |     8 ||    91
       Deck              |       |       |     3 |    17 |    27 |    22 |    30 |    15 |     8 ||   122
       Stone of tremors  |       |       |       |       |     1 |     1 |       |       |       ||     2
       Phial of floods   |       |       |       |       |       |       |     1 |     1 |     1 ||     3
       Sack of spiders   |       |       |       |       |       |       |       |     2 |     1 ||     3
       Fan of gales      |       |       |       |       |       |       |       |       |     1 ||     1
  Use: Scroll            |       |     8 |     7 |     6 |    12 |    20 |    10 |     3 |    14 ||    80
       Potion            |       |       |     2 |       |       |     2 |     4 |     8 |     3 ||    19
 Stab: Sleeping          |       |       |     1 |       |       |     1 |     4 |     2 |       ||     8
       Petrified         |       |       |       |     1 |       |       |       |       |       ||     1
       Invisible         |       |       |       |       |    12 |       |     7 |       |       ||    19
       Confused          |       |       |       |       |     3 |       |     1 |       |       ||     4
       Distracted        |       |       |       |       |     2 |     2 |     9 |     8 |    32 ||    53
       Petrifying        |       |       |       |       |       |       |     1 |       |       ||     1
  Eat: Chunk             |       |    11 |    17 |    23 |    53 |    71 |    57 |    52 |    71 ||   355
       Fruit             |       |       |       |       |     3 |     1 |     3 |     8 |     9 ||    24
       Beef jerky        |       |       |       |       |       |       |       |       |     2 ||     2
       Meat ration       |       |       |       |       |       |       |       |       |     2 ||     2
       Royal jelly       |       |       |       |       |       |       |       |       |     2 ||     2
       Bread ration      |       |       |       |       |       |       |       |       |     2 ||     2
       Pizza             |       |       |       |       |       |       |       |       |     1 ||     1
